 Dungeon Crawl Stone Soup version 0.31-a0-986-g5e6e4ef867 (webtiles) character file.

Game seed: 14638441046809448405

56 mattiecakes the Trooper (level 3, -1/34 HPs)
             Began as a Demonspawn Gladiator on Nov 16, 2023.
             Slain by Terence
             ... wielding a +1 hand axe of venom
              (3 damage)
             ... on level 2 of the Dungeon.
             The game lasted 00:01:36 (482 turns).

mattiecakes the Trooper (Demonspawn Gladiator)       Turns: 482, Time: 00:01:36

Health: -1/34      AC:  4    Str: 16    XL:     3   Next: 71%
Magic:  3/3        EV: 12    Int:  9    God:
Gold:   85         SH:  0    Dex: 16    Spells: 2/2 levels left

rFire   . . .        a - +0 war axe
rCold   . . .        (no shield)
rNeg    . . .        b - +0 leather armour
rPois   .            c - +0 helmet
rElec   .            (no cloak)
rCorr   .            (no gloves)
SInv    .            (no boots)
Will    .....        (no amulet)
Stlth   ++           (no ring)
HPRegen 0.25/turn    (no ring)
MPRegen 0.08/turn

%: no passive effects
@: brilliant, lethally poisoned (-1 -> -11), hasted, very quick
A: thin skeletal structure 1
a: no special abilities


You were on level 2 of the Dungeon.
You visited 1 branch of the dungeon, and saw 2 of its levels.

You collected 85 gold pieces.

Inventory:

Hand Weapons
 a - a +0 war axe (weapon)
Missiles
 d - 3 throwing nets (quivered)
 e - a javelin
Armour
 b - a +0 leather armour (worn)
 c - a +0 helmet (worn)
Scrolls
 f - a scroll of fear {unknown}
 g - a scroll of identify {unknown}
 h - a scroll of revelation {unknown}


   Skills:
 + Level 6.1 Fighting
 + Level 4.7 Axes
 + Level 4.2 Throwing
 + Level 3.5 Armour
 - Level 2.7 Dodging


You had 2 spell levels left.
You didn't know any spells.
Your spell library was empty.

Dungeon Overview and Level Annotations

Branches:
Dungeon (2/15)

Altars:

Shops:
D:1 [

Annotations:
D:2 Terence


Innate Abilities, Weirdness & Mutations

You have a somewhat thin skeletal structure. (Dex +2, Stealth+)


Message History

You barely miss Terence.
Terence hits you with a +1 hand axe of venom.
You hit Terence but do no damage.
Terence hits you with a +1 hand axe of venom.
You are poisoned.
Terence closely misses you.
You barely miss Terence.
You feel very sick.
Terence hits you with a +1 hand axe of venom.
* * * LOW HITPOINT WARNING * * *
You are too injured to fight recklessly!
Unknown command.
It was a potion of brilliance.
You feel clever all of a sudden.
* * * LOW HITPOINT WARNING * * *
You feel sick. Terence completely misses you.
It was a potion of haste.
You feel yourself speed up.
* * * LOW HITPOINT WARNING * * *
You feel sick. Terence misses you.
It was a potion of curing.
You feel better.
Terence hits you with a +1 hand axe of venom!
* * * LOW HITPOINT WARNING * * *
You are lethally poisoned!
It was a potion of experience.
You feel more experienced!
Your Fighting skill gained 4 levels and is now at level 6!
Your Axes skill gained 2 levels and is now at level 4!
Your Throwing skill gained 2 levels and is now at level 4!
Your Armour skill gained 3 levels and is now at level 3!
You have reached level 3!
Your experience leads to an increase in your attributes!
Increase (S)trength, (I)ntelligence, or (D)exterity?
You feel stronger. x2
* * * LOW HITPOINT WARNING * * *
You feel very sick.
You hit Terence but do no damage.
* * * LOW HITPOINT WARNING * * *
You feel sick.
Terence hits you with a +1 hand axe of venom.
You die...

##[..#.##
##.##.#
#.##.#
#.##.########
..##.........
..##..#######
#..#
#..#######.#
#...>.@@...#
##.######..#
...# # #####


You could see Terence.

Vanquished Creatures
  A dart slug (D:1)
  An endoplasm (D:1)
  A giant cockroach (D:1)
  3 hobgoblins (D:1)
  A kobold (D:1)
  A quokka (D:1)
  2 ball pythons (D:1)
  2 frilled lizards (D:1)
  5 goblins (D:1)
  A rat (D:1)
18 creatures vanquished.

Notes
Turn   | Place    | Note
-------+----------+-------------------------------------------
     0 | D:1      | mattiecakes the Demonspawn Gladiator began the quest for
                  | the Orb.
     0 | D:1      | Reached XP level 1. HP: 16/16 MP: 1/1
    75 | D:1      | Gained mutation: You have a somewhat thin skeletal
                  | structure. (Dex +2, Stealth+) [demonic ancestry]
    75 | D:1      | Reached XP level 2. HP: 14/22 MP: 2/2
   317 | D:1      | Found Vulerph's Armour Boutique.
   469 | D:2      | Noticed Terence
   479 | D:2      | HP: 1/23 [poisoned by Terence]
   481 | D:2      | Reached skill level 6 in Fighting
   481 | D:2      | Reached XP level 3. HP: 7/34 MP: 3/3
   482 | D:2      | Slain by Terence

Illustrated notes

Levels and vault maps discovered:
D:1:      mrwooster_arrival_statue_2, layout_basic, serial_shops, shop
D:2:      layout_loops_ring, uniq_terence, uniq_sigmund

Skill      XL: |  1  2 |
---------------+-------+-----
Throwing       | 2 4 |  4.2
Fighting       | 6 |  6.1
Axes           | 4 |  4.7
Armour         | 3 |  3.5
Dodging        | |  2.7

Action                     || total
---------------------------++-------
  Melee: War axe           ||    45
    Use: Potion            ||     4
   Stab: Sleeping          ||     2
 Armour: Leather armour    ||    34
  Dodge: Dodged            ||    35

Table legend: (Time is in decaauts)
 A = Elapsed time spent in this place.
 B = Non-inter-level travel time spent in this place.
 C = Inter-level travel time spent in this place.
 D = Time resting spent in this place.
 E = Time spent auto-exploring this place.
 F = Levels seen in this place.
 G = Mean time per level.
                   A        B        C        D        E       F      G
               +--------+--------+--------+--------+--------+-----+--------+
         Total |    497 |    483 |     14 |      0 |    357 |   2 |  248.5 |
       Dungeon |    497 |    483 |     14 |      0 |    357 |   2 |  248.5 |
               +--------+--------+--------+--------+--------+-----+--------+

Top non-repeatable levels by time:
     D:1: 460 daAuts
     D:2: 36 daAuts
